 Dungeon Crawl Stone Soup version 0.29.1-2-gbd0b4ee654 (webtiles) character file.

Game seed: 11850373643811310218

161 qeuew the Trooper (level 5, -3/44 HPs)
             Began as a Palentonga Fighter on Nov 10, 2022.
             Slain by Crazy Yiuf
             ... wielding a +4 quarterstaff of chaos
              (10 damage)
             ... on level 3 of the Dungeon.
             The game lasted 00:03:22 (3147 turns).

qeuew the Trooper (Palentonga Fighter)              Turns: 3147, Time: 00:03:22

Health: -3/44      AC:  6    Str: 22    XL:     5   Next: 18%
Magic:  5/5        EV:  7    Int:  8    God:
Gold:   127        SH:  4    Dex: 11    Spells: 4/4 levels left

rFire   . . .      SeeInvis +   a - +0 war axe
rCold   . . .      Faith    .   c - +0 buckler
rNeg    . . .      Spirit   .   b - +0 scale mail
rPois   .          Reflect  .   (no helmet)
rElec   .          Harm     .   (no cloak)
rCorr   .          Rampage  .   (no gloves)
Will    .....                   (no barding)
Stlth   ..........              (no amulet)
HPRegen 0.14/turn               (no ring)
MPRegen 0.09/turn               (no ring)

@: mighty, lethally poisoned (-3 -> -4), invisible
A: large, rugged brown scales 3, see invisible, deformed body, roll 1, armoured
tail
a: Rolling Charge


You were on level 3 of the Dungeon.
You visited 1 branch of the dungeon, and saw 3 of its levels.

You collected 127 gold pieces.

Inventory:

Hand Weapons
 a - a +0 war axe (weapon)
Armour
 b - a +0 scale mail (worn)
 c - a +0 buckler (worn)
Wands
 h - a wand of paralysis (9)
Scrolls
 e - a scroll of identify
 g - a scroll of teleportation
 i - a scroll of immolation {unknown}
 j - a scroll of summoning {unknown}
Potions
 k - a potion of attraction {unknown}


   Skills:
 + Level 3.9 Fighting
 + Level 3.2 Axes
 + Level 3.2 Armour
 + Level 3.5 Shields


You had 4 spell levels left.
You didn't know any spells.
Your spell library contained the following spells:

 Spells                   Type           Power      Damage    Failure   Level
 Tukima's Dance           Hex            0%         N/A       99%         3
 Passage of Golubria      Tloc           0%         N/A       100%        4
 Yara's Violent Unravell  Hex/Tmut       0%         3d3       100%        5


Dungeon Overview and Level Annotations

Branches:
Dungeon (3/15)

Altars:

Annotations:
D:3 Crazy Yiuf


Innate Abilities, Weirdness & Mutations

You are completely covered in rugged brown scales. (AC +3, +7% HP)
You have supernaturally acute eyesight. (SInv)
Armour fits poorly on your strangely shaped body.
You can roll at nearby foes to attack.
You have a long armoured tail.


Message History

Crazy Yiuf shouts!
Could not explore, unopened runed door.
You open the door. You hit Crazy Yiuf.
Crazy Yiuf is moderately wounded.
Crazy Yiuf hits you with a +4 quarterstaff of chaos.
Crazy Yiuf freezes you.
Crazy Yiuf hits you with a +4 quarterstaff of chaos!
You are poisoned.
You barely miss Crazy Yiuf. You tail-slap Crazy Yiuf.
Crazy Yiuf is moderately wounded.
You feel very sick.
Crazy Yiuf says, "Buddy!
Walk tea down."
Crazy Yiuf hits you with a +4 quarterstaff of chaos!
* * * LOW HITPOINT WARNING * * *
You fade into invisibility!
You feel much better.
You feel sick.
Crazy Yiuf hits you with a +4 quarterstaff of chaos!
Crazy Yiuf burns you.
* * * LOW HITPOINT WARNING * * *
You feel much better.
You feel sick.
Crazy Yiuf hits you with a +4 quarterstaff of chaos.
You barely miss Crazy Yiuf.
Crazy Yiuf is moderately wounded.
You feel sick.
Crazy Yiuf cries, "Citrus!
Shadow sing-song action."
Crazy Yiuf hits you with a +4 quarterstaff of chaos!
Crazy Yiuf freezes you.
Crazy Yiuf hits you with a +4 quarterstaff of chaos!
* * * LOW HITPOINT WARNING * * *
You fade further into invisibility.
You feel very mighty all of a sudden.
You feel sick.
Crazy Yiuf says, "Cards bag aubergine!"
Crazy Yiuf closely misses you.
You barely miss Crazy Yiuf.
Crazy Yiuf is moderately wounded.
You feel sick.
Crazy Yiuf hits you with a +4 quarterstaff of chaos!
You die...

#....########.#####
#....# ######.#####
#....# #.####†#####
##...# #...........
##.## ######.#####
##.# #####.#####
#.## #####.#####
##.# #####.####.
#@## #####......
#g# ####### ...
#...# #)..# #####


You could see Crazy Yiuf (unable to see you).

Vanquished Creatures
  An orc priest (D:3)
  4 adders (D:2)
  An ufetubus (D:3)
  2 worms
  A dart slug (D:3)
  13 orcs (D:3)
  2 bats (D:1)
  8 endoplasms
  2 giant cockroaches
  6 goblins
  4 hobgoblins
  6 jackals
  4 kobolds
  2 quokkas
  4 ball pythons
  3 frilled lizards
  3 rats (D:1)
66 creatures vanquished.

Notes
Turn   | Place    | Note
-------+----------+-------------------------------------------
     0 | D:1      | qeuew the Palentonga Fighter began the quest for the Orb.
     0 | D:1      | Reached XP level 1. HP: 19/19 MP: 1/1
   103 | D:1      | Found a faded altar of an unknown god.
   187 | D:1      | Reached XP level 2. HP: 20/25 MP: 2/2
   936 | D:2      | Reached XP level 3. HP: 31/31 MP: 3/3
  1608 | D:2      | Reached XP level 4. HP: 37/37 MP: 4/4
  2570 | D:3      | Reached XP level 5. HP: 42/44 MP: 5/5
  2839 | D:3      | Found a runed translucent door.
  2840 | D:3      | Noticed Crazy Yiuf
  3147 | D:3      | Slain by Crazy Yiuf

Illustrated notes

Levels and vault maps discovered:
D:1:      dpeg_arrival_simpleton_a, layout_basic,
          ebering_ecumenical_altar_abandoned
D:2:      layout_loops_corners, corexii_hall_statues_i, dk_noncrumbling_4
D:3:      layout_basic, reono_crystal_passage, columned_hall_lemuel,
          wad_orctagon, uniq_crazy_yiuf_cottage

Skill      XL: |  1  2  3  4 |
---------------+-------------+-----
Shields        | 3 |  3.5
Armour         | 3 |  3.2
Axes           | 3 |  3.2
Fighting       | |  3.9

Action                   |  1- 3 |  4- 6 || total
-------------------------+-------+-------++-------
Melee: War axe           |   108 |    80 ||   188
       Tailslap          |    15 |    14 ||    29
 Abil: Rolling Charge    |    26 |     9 ||    35
  Use: Scroll            |     1 |     1 ||     2
       Potion            |     1 |     3 ||     4
Armor: Scale mail        |    54 |    38 ||    92
Dodge: Dodged            |    34 |    37 ||    71
Block: Buckler           |    21 |    19 ||    40
